Map: Vaani Research Station (Void)

Players

Ardenior - Winner!

  • Race: Zerg Zerg
  • League: Diamond
  • Spawn Location: 6:00

Musumeci

  • Race: Zerg Zerg
  • League: Diamond
  • Spawn Location: 12:00

VOD

Have the link to the VOD?

Description

Time

  • Played on: Jan. 15, 2017, 4:42 p.m.
  • Length: 26:15
Show
View Real Time Build Order
Export as new Build Order

Ardenior Zerg - Winner!

Build Orders: Pool First 

Get SALT Encoding   

  12  0:02  Drone  
  13  0:10  Drone  
  14  0:22  Overlord  
  14  0:41  Drone x3  
  17  0:46  Extractor  
  17  0:48  Spawning Pool  
  15  0:53  Drone  
  16  1:09  Drone  
  17  1:22  Hatchery  
  16  1:27  Drone  
  17  1:37  Queen  
  19  1:47  Metabolic Boost  
  19  1:52  Zergling x2  
  20  1:56  Overlord  
  20  2:06  Drone x2  
  22  2:16  Queen  
  22  2:18  Drone  
  25  2:28  Drone  
  26  2:34  Queen  
  26  2:36  Drone  
  26  2:37  Drone  
  30  2:47  Overlord  
  30  2:50  Drone x2  
  31  3:06  Baneling Nest  
  31  3:07  Zergling x6  
  31  3:08  Zergling x2  
  34  3:16  Drone  
  34  3:17  Drone  
  36  3:22  Overlord  
  36  3:31  Overlord  
  36  3:53  Zergling x16  
  40  4:16  Queen  
  33  4:22  Zergling x2  
  33  4:23  Zergling x8  
  35  4:30  Zergling x2  
  35  4:31  Zergling x12  
  42  4:42  Baneling x3  
  42  4:50  Zergling x4  
  41  5:16  Zergling x4  
  41  5:17  Zergling x10  
  40  5:28  Baneling x2  
  40  5:29  Baneling  
  40  5:33  Lair  
  40  5:34  Evolution Chamber  
  39  5:46  Zergling x2  
  39  5:47  Zergling x8  
  38  5:54  Hatchery  
  37  6:02  Zergling x2  
  37  6:03  Zergling x12  
  40  6:19  Zergling x6  
  34  6:34  Zerg Melee Weapons Level 1  
  30  6:54  Zergling x2  
  30  6:55  Zergling x14  
  38  7:02  Baneling x2  
  38  7:08  Zergling x10  
  39  7:09  Hatchery  
  39  7:10  Overlord  
  41  7:23  Zergling x2  
  41  7:24  Zergling x6  
  45  7:32  Baneling x2  
  40  7:52  Drone x5  
  40  7:54  Evolution Chamber  
  44  8:00  Queen  
  44  8:03  Zergling x2  
  47  8:27  Zergling x12  
  50  8:39  Zergling x2  
  50  8:40  Zergling x14  
  40  9:04  Zerg Ground Armor Level 1  
  40  9:05  Zergling x2  
  40  9:06  Zergling x8  
  40  9:09  Baneling x2  
  45  9:12  Baneling  
  43  9:29  Zergling x16  
  43  9:30  Zergling x8  
  46  9:46  Zergling x6  
  46  9:47  Zergling x10  
  48  10:05  Zergling x2  
  48  10:06  Zergling x10  
  30  10:29  Zergling x10  
  30  10:31  Drone x4  
  30  10:32  Baneling  
  30  10:33  Baneling x2  
  39  10:37  Drone  
  38  11:05  Zergling x2  
  38  11:06  Zergling x20  
  38  11:09  Baneling x2  
  49  11:11  Baneling x2  
  49  11:16  Zergling x6  
  52  11:36  Drone x4  
  52  11:37  Drone, Overlord  
  57  11:40  Zergling x2  
  57  11:41  Zergling x4  
  56  11:59  Zergling x2  
  56  12:00  Zergling x14  
  64  12:03  Baneling x2  
  57  12:26  Zergling x2  
  57  12:27  Zergling x18  
  58  12:37  Zergling x6  
  56  12:58  Zergling x2  
  56  12:59  Zergling x10  
  56  13:01  Baneling  
  47  13:21  Zergling x2  
  47  13:22  Zergling x14  
  52  13:32  Zergling x2  
  52  13:33  Zergling x4  
  47  13:53  Zergling x2  
  47  13:54  Zergling x10  
  43  14:14  Zergling x2  
  43  14:15  Zergling x14  
  46  14:18  Queen  
  48  14:27  Zergling x6  
  51  14:38  Hatchery  
  50  14:43  Zergling x2  
  50  14:44  Zergling x8  
  55  14:46  Baneling x4  
  55  14:50  Zergling x2  
  55  14:51  Zergling x12  
  41  15:34  Zergling x24  
  41  15:35  Zergling x4  
  49  15:46  Zergling x2  
  49  15:47  Zergling x4  
  50  15:56  Zerg Melee Weapons Level 2  
  45  16:09  Zergling x6  
  45  16:10  Zergling x14  
  49  16:19  Baneling x4  
  49  16:28  Hatchery  
  46  16:34  Zergling x2  
  46  16:35  Zergling x14  
  51  16:42  Zergling x2  
  51  16:43  Zergling x16  
  60  16:48  Baneling  
  60  16:49  Baneling  
  40  17:23  Zergling x2  
  40  17:24  Zergling x28  
  52  17:42  Zergling x2  
  52  17:44  Zergling x12  
  53  17:55  Baneling x2  
  53  17:56  Baneling  
  53  17:58  Zergling x8  
  39  18:13  Zergling x16  
  39  18:14  Zergling x4  
  39  18:19  Zergling x4  
  50  18:24  Baneling x3  
  50  18:26  Baneling  
  50  18:27  Baneling  
  50  18:28  Baneling  
  50  18:30  Zergling x4  
  51  18:51  Zergling x2  
  51  18:52  Zergling x6  
  51  18:53  Zergling x10  
  47  19:14  Baneling x2  
  45  19:21  Zergling x2  
  45  19:22  Zergling x18  
  49  19:30  Extractor  
  47  19:49  Zergling x2  
  47  19:50  Zergling x18  
  44  20:00  Baneling x3  
  44  20:04  Zergling x2  
  44  20:05  Zergling x8  
  49  20:23  Queen  
  49  20:25  Zergling x2  
  49  20:26  Zergling x10  
  45  20:39  Zergling x12  
  48  20:53  Zergling x10  
  53  20:57  Baneling x4  
  53  20:58  Baneling  
  53  21:03  Zergling x4  
  42  21:40  Zergling x18  
  42  21:41  Zergling x10  
  49  22:13  Zergling x18  
  41  22:47  Zergling x2  
  41  22:48  Zergling x16  
  42  23:06  Zergling x2  
  42  23:07  Zergling x22  
  54  23:32  Baneling  
  53  23:35  Hatchery  
  49  24:34  Zergling x2  
  49  24:35  Zergling x20  
  39  25:35  Zergling x6  
Show
View Real Time Build Order
Export as new Build Order

Musumeci Zerg 

Build Orders: Hatch First 

Get SALT Encoding   

  12  0:01  Drone  
  13  0:08  Drone  
  14  0:31  Overlord  
  14  0:35  Extractor  
  13  0:36  Extractor  
  13  0:39  Drone x2  
  16  0:49  Drone  
  17  1:02  Hatchery  
  16  1:14  Extractor  
  16  1:17  Spawning Pool  
  14  1:19  Drone  
  15  1:29  Drone x2  
  17  1:34  Drone  
  18  1:41  Drone  
  19  1:52  Drone  
  20  2:03  Queen  
  22  2:09  Overlord  
  22  2:15  Queen  
  24  2:19  Metabolic Boost  
  25  2:22  Zergling x2  
  25  2:28  Zergling x2  
  26  2:31  Drone  
  26  2:32  Zergling x2  
  26  2:35  Drone  
  29  2:47  Baneling Nest  
  28  2:56  Zergling x6  
  31  3:06  Overlord  
  31  3:08  Drone  
  31  3:09  Drone, Evolution Chamber  
  32  3:17  Zergling x4  
  34  3:39  Zerg Ground Armor Level 1  
  34  3:55  Baneling x2  
  34  4:05  Zergling x14  
  34  4:22  Zergling x4  
  35  4:30  Zergling x8  
  39  4:34  Zergling x2  
  39  4:35  Zergling x2  
  41  4:42  Baneling x2  
  41  4:47  Baneling  
  41  4:56  Zergling x8  
  40  5:16  Zergling x2  
  40  5:17  Zergling x10  
  37  5:26  Baneling  
  37  5:28  Baneling  
  37  5:30  Baneling  
  37  5:31  Zergling x12  
  36  6:04  Baneling x2  
  34  6:32  Zergling x24  
  43  6:34  Baneling x2  
  42  6:51  Zergling x4  
  42  6:52  Zergling x4  
  43  6:57  Zerg Melee Weapons Level 1  
  43  7:02  Baneling x2, Overlord  
  43  7:14  Zergling x2  
  43  7:20  Zergling x4  
  39  7:30  Zergling x2  
  39  7:31  Zergling x16  
  39  7:33  Hatchery  
  41  7:46  Zergling x4  
  39  7:51  Drone  
  39  7:58  Baneling x4  
  38  8:00  Spore Crawler  
  38  8:01  Spore Crawler  
  38  8:03  Drone x7, Spore Crawler x2  
  38  8:05  Baneling x3  
  40  8:33  Zergling x16  
  47  8:45  Zergling x2  
  47  8:46  Zergling x2  
  49  8:51  Queen  
  41  9:03  Baneling  
  41  9:04  Baneling, Zergling x14  
  41  9:09  Spore Crawler x2  
  46  9:25  Zergling x2  
  46  9:26  Zergling x14  
  51  9:46  Baneling x2  
  51  9:47  Zergling x10  
  56  9:56  Zergling x2  
  56  9:57  Zergling x2  
  56  10:00  Lair  
  37  10:25  Zergling x18  
  45  10:31  Baneling x2  
  45  10:39  Drone  
  45  10:40  Drone x4  
  50  10:50  Drone  
  50  10:51  Drone  
  47  11:05  Zergling x2  
  47  11:06  Zergling x10  
  53  11:20  Baneling x2  
  53  11:21  Baneling x2  
  53  11:28  Zergling x10  
  58  11:33  Baneling x2  
  51  11:57  Baneling x5, Zergling x12  
  51  11:59  Overlord x2  
  57  12:07  Overlord  
  45  12:30  Zergling x26  
  45  12:35  Baneling  
  45  12:36  Baneling  
  57  12:38  Baneling x2  
  57  12:39  Baneling x5  
  54  12:49  Drone  
  54  12:50  Drone x4  
  48  13:00  Zergling x2  
  48  13:01  Zergling x16  
  45  13:27  Zergling x20  
  45  13:31  Baneling  
  45  13:32  Baneling x3  
  54  13:34  Drone  
  54  13:35  Drone x5  
  55  13:44  Zergling x10  
  55  13:58  Baneling  
  53  14:06  Extractor  
  44  14:11  Zergling x20  
  53  14:18  Zerg Melee Weapons Level 2  
  53  14:25  Extractor  
  53  14:26  Zergling x10  
  57  14:33  Zergling x8  
  61  14:44  Zergling x4  
  61  14:45  Zergling x6  
  66  15:04  Zergling x4  
  66  15:05  Zergling x12  
  55  15:14  Zergling x6  
  55  15:17  Baneling x2  
  55  15:18  Baneling x2  
  56  15:27  Baneling, Zergling x2  
  56  15:28  Zergling x14  
  62  15:42  Baneling  
  55  15:48  Baneling  
  53  15:55  Zergling x24  
  53  15:56  Zergling x2  
  60  16:09  Baneling  
  60  16:10  Baneling, Zergling x2  
  60  16:11  Zergling x6  
  60  16:20  Queen  
  60  16:25  Baneling x3  
  62  16:26  Baneling x2  
  61  16:36  Baneling x2  
  61  16:48  Zergling x24  
  72  17:04  Baneling x3  
  54  17:22  Zergling x2  
  52  17:23  Zergling x26  
  65  17:36  Zergling x8  
  61  17:56  Zergling x18  
  64  18:09  Extractor  
  64  18:10  Hatchery  
  51  18:13  Zergling x12, Extractor  
  51  18:19  Zerg Ground Armor Level 2  
  56  18:25  Baneling x3  
  56  18:26  Baneling  
  56  18:33  Drone  
  56  18:34  Drone  
  59  18:35  Overlord x2  
  59  18:41  Infestation Pit  
  52  18:49  Zergling x10  
  52  18:51  Baneling x3  
  46  19:13  Zergling x20  
  55  19:23  Baneling x2  
  55  19:24  Baneling  
  53  19:25  Zergling x6  
  53  19:26  Zergling x2  
  53  19:27  Baneling  
  53  19:28  Baneling  
  54  19:49  Zergling x12  
  54  19:50  Zergling x4  
  60  19:59  Zergling x2  
  59  20:00  Zergling x8  
  59  20:05  Baneling  
  59  20:06  Baneling x6  
  62  20:10  Zergling x4  
  59  20:31  Baneling  
  59  20:32  Baneling  
  50  20:40  Zergling x10  
  50  20:41  Zergling x10  
  55  21:00  Baneling x2  
  55  21:05  Baneling x2  
  55  21:07  Zergling x22  
  42  21:37  Zergling x4  
  42  21:38  Zergling x8  
  46  21:48  Queen  
  46  21:51  Hive  
  38  21:55  Zergling x12  
  38  21:56  Zergling x18  
  38  22:00  Baneling x2  
  40  22:09  Zergling x6  
  26  22:31  Baneling x2  
  26  22:37  Zergling x2  
  26  22:38  Zergling x16  
  24  23:02  Drone  
  25  23:25  Drone x2  
  23  23:57  Baneling  
  23  23:58  Baneling  
  23  24:00  Baneling x5  
  23  24:01  Zergling x2  
  23  24:02  Zergling x4  
  20  24:48  Drone x8  
  12  25:27  Zergling x6  
  8  25:47  Baneling  
Tags
 
Add a new tag
Caveats
  • Supply blocks, unpowered buildings, or Contaminate may cause inaccurate times.
  • Supply counts are checked every 10 seconds.